 Dungeon Sprint DCSS version 0.30.1-11-g7821555f0a (webtiles) character file.

Game seed: 1712834200556611568

36 Groucho the Sneak (level 3, 0/16 HPs)
             Began as a Spriggan Enchanter on Jan 8, 2024.
             Was a Believer of Sif Muna.
             Slain by a wolf (4 damage)
             ... in the Dungeon (Sprint VII: "The Pits").
             The game lasted 00:02:06 (536 turns).

Groucho the Sneak (Spriggan Enchanter)               Turns: 536, Time: 00:02:07

Health: 0/16       AC:  2    Str:  4    XL:     3   Next: 19%
Magic:  0/10       EV: 17    Int: 18    God:    Sif Muna [**....]
Gold:   0          SH:  0    Dex: 15    Spells: 9/11 levels left

rFire   . . .        k - +2 dagger
rCold   . . .        (no shield)
rNeg    . . .        b - +0 robe
rPois   .            (helmet restricted)
rElec   .            (no cloak)
rCorr   .            (gloves unavailable)
SInv    +            (boots unavailable)
Will    .....        (no amulet)
Stlth   +++          (no ring)
HPRegen 0.22/turn    (no ring)
MPRegen 0.12/turn

%: no teleportation
@: very slightly contaminated, very quick
A: very small, no large weapons, unfitting armour, see invisible, speed 3
a: Renounce Religion, Channel Magic


You were in the Dungeon.
You worshipped Sif Muna.
Sif Muna was pleased with you.
You visited 1 branch

Inventory:

Hand Weapons
 j - a +1 short sword of venom
 k - a +2 dagger (weapon)
Armour
 b - a +0 robe (worn)
Scrolls
 a - 5 scrolls of amnesia
 i - a scroll of blinking
 l - a scroll of butterflies
Potions
 c - 4 potions of invisibility
 d - a potion of curing
 e - a potion of heal wounds
 f - a potion of haste
 g - 4 potions of magic
 h - 2 potions of berserk rage


   Skills:
 + Level 2.9 Short Blades
 - Level 2.6 Dodging
 + Level 6.0 Stealth
 + Level 4.5 Spellcasting
 + Level 5.2 Hexes
 + Level 2.3 Invocations


You had 9 spell levels left.
You knew the following spells:

 Your Spells              Type           Power      Damage    Failure   Level
a - Ensorcelled Hibernat  Hex/Ice        26%        N/A       8%          2

Your spell library contained the following spells:

 Spells                   Type           Power      Damage    Failure   Level
 Confusing Touch          Hex            22%        N/A       4%          3
 Tukima's Dance           Hex            22%        N/A       4%          3
 Dazzling Flash           Conj/Hex       26%        N/A       14%         3


Dungeon Overview and Level Annotations

Branches:
Dungeon (1/1)

Altars:
Ashenzari
Cheibriados
Dithmenos
Elyvilon
Fedhas
Gozag
Hepliaklqana
Kikubaaqudgha
Makhleb
Nemelex Xobeh
Okawaru
Qazlal
Ru
Sif Muna
Trog
Uskayaw
Vehumet
Wu Jian
Xom
Yredelemnul
Zin
The Shining One
Jiyva
Lugonu


Innate Abilities, Weirdness & Mutations

You are very small and have problems with some larger weapons.
You are too small for most types of armour.
You have supernaturally acute eyesight. (SInv)
You cover ground extremely quickly. (Speed+++)


Message History

Casting: Ensorcelled Hibernation (safe; 8% risk of failure)
Confirm with . or Enter, or press ? or * to list all spells.
Aiming: Ensorcelled Hibernation (safe; 8% risk of failure)
Press: ? - help, Shift-Dir - straight line, f - wolf
Aim: a wolf (wandering, hasn't noticed you, chance to affect: 47%)
You miscast Ensorcelled Hibernation.
You are very lightly contaminated with residual magic.
Nothing appears to happen.
The wolf howls!
Unknown command.
Casting: Ensorcelled Hibernation (safe; 8% risk of failure)
Confirm with . or Enter, or press ? or * to list all spells.
Aiming: Ensorcelled Hibernation (safe; 8% risk of failure)
Press: ? - help, Shift-Dir - straight line, f/p - wolf
Aim: a wolf (chance to affect: 47%)
The wolf resists with some effort.
The wolf misses you.
Unknown command.
Casting: Ensorcelled Hibernation (safe; 8% risk of failure)
Confirm with . or Enter, or press ? or * to list all spells.
Aiming: Ensorcelled Hibernation (safe; 8% risk of failure)
Press: ? - help, Shift-Dir - straight line, f/p - wolf
Aim: a wolf (chance to affect: 47%)
The wolf resists with some effort.
The wolf barely misses you. The wolf bites you.
Casting: Ensorcelled Hibernation (safe; 8% risk of failure)
Confirm with . or Enter, or press ? or * to list all spells.
Aiming: Ensorcelled Hibernation (safe; 8% risk of failure)
Press: ? - help, Shift-Dir - straight line, f/p - wolf
Aim: a wolf (chance to affect: 47%)
You miscast Ensorcelled Hibernation.
Nothing appears to happen.
The wolf barely misses you. The wolf bites you!
Ouch! That really hurt!
* * * LOW HITPOINT WARNING * * *
Casting: Ensorcelled Hibernation (safe; 8% risk of failure)
Confirm with . or Enter, or press ? or * to list all spells.
Aiming: Ensorcelled Hibernation (safe; 8% risk of failure)
Press: ? - help, Shift-Dir - straight line, f/p - wolf
Aim: a wolf (chance to affect: 47%)
The wolf resists with some effort.
The wolf bites you.
You die...

############ #_________.#
#_________.#
#_______...###########++
##########'##...........
#.?(.')))'.##......#..#
##########.##..........
#.......รท..h@...........
#+#####'#####......#..#.
#.....# #...........
#..h..# ####'#####+
###S### #.......# #.....#
#.......# #.....#
#.......# ####'##
#...<...# .h. #.......#


You could see a wolf.

Vanquished Creatures
  An adder (D)
  2 river rats (D)
  An ufetubus (D)
  A kobold (D)
  A quokka (D)
  A rat (D)
7 creatures vanquished.

Notes
Turn   | Place    | Note
-------+----------+-------------------------------------------
     0 | D        | Groucho the Spriggan Enchanter began the quest for the Orb.
     0 | D        | Reached XP level 1. HP: 9/9 MP: 5/5
    38 | D        | Found a bloodstained altar of Trog.
    38 | D        | Found a shimmering blue altar of Sif Muna.
    38 | D        | Found a viscous altar of Jiyva.
    38 | D        | Found a hazy altar of Hepliaklqana.
    38 | D        | Found an opulent altar of Gozag.
    39 | D        | Found a glowing golden altar of the Shining One.
    39 | D        | Found a glowing silver altar of Zin.
    39 | D        | Found a basalt altar of Yredelemnul.
    39 | D        | Found a shimmering altar of Xom.
    39 | D        | Found an ornate altar of the Wu Jian Council.
    39 | D        | Found a sacrificial altar of Ru.
    39 | D        | Found a stormy altar of Qazlal.
    39 | D        | Found an iron altar of Okawaru.
    39 | D        | Found a sparkling altar of Nemelex Xobeh.
    39 | D        | Found a burning altar of Makhleb.
    39 | D        | Found a blossoming altar of Fedhas.
    39 | D        | Found a white marble altar of Elyvilon.
    39 | D        | Found a shadowy altar of Dithmenos.
    39 | D        | Found a snail-covered altar of Cheibriados.
    41 | D        | Found a radiant altar of Vehumet.
    41 | D        | Found a corrupted altar of Lugonu.
    42 | D        | Found a hide-covered altar of Uskayaw.
    42 | D        | Found an ancient bone altar of Kikubaaqudgha.
    42 | D        | Found a broken altar of Ashenzari.
    44 | D        | Became a worshipper of Sif Muna the Loreminder
    90 | D        | Reached skill level 5 in Stealth
    90 | D        | Reached skill level 1 in Invocations
    90 | D        | Reached XP level 2. HP: 11/13 MP: 5/7
   135 | D        | Learned a level 2 spell: Ensorcelled Hibernation
   138 | D        | Reached * piety under Sif Muna
   145 | D        | Noticed a wolf
   155 | D        | Reached skill level 5 in Hexes
   159 | D        | Reached ** piety under Sif Muna
   160 | D        | Reached skill level 6 in Stealth
   160 | D        | Reached XP level 3. HP: 16/16 MP: 0/10
   536 | D        | Slain by a wolf

Illustrated notes

Levels and vault maps discovered:
D:        pitsprint [storerooms_1, entrance_room_1, metal_vault_4, armoury_1,
          mini_pit_1, grid_room_1, main_hall_1, silver_pit, the_coven_1,
          the_vestibule_1, steel_vault_3, golden_pit, hallway_of_sentries,
          crystal_vault_4, iron_vault_1, final_vault]

Skill      XL: |  1  2 |
---------------+-------+-----
Spellcasting   | 3 4 |  4.5
Hexes          | 4 5 |  5.2
Short Blades   | 2 |  2.9
Stealth        | 5 6 |  6.0
Invocations    | 1 2 |  2.3
Dodging        | |  2.6

Action                     || total
---------------------------++-------
  Melee: Dagger            ||    19
   Cast: Ensorcelled Hiber ||     7
    Use: Potion            ||     1
   Stab: Sleeping          ||     4
  Dodge: Dodged            ||    16
